| TOP OF THE 1ST |
|
New York Yankees batting - Pitching for Cleveland Guardians : RHP Risto Pandev
|
|
Pitching: RHP Risto Pandev
|
|
|
Batting: LHB Jordan de Jesus
|
0-0: Ball 1-0: Ball 2-0: Called Strike 2-1: Swinging Strike 2-2: Foul Ball, location: 2F 2-2: Ball 3-2: Base on Balls
|
|
Batting: RHB C.J. Richerson
|
0-0: Ball 1-0: Ball 2-0: Ball 3-0: Base on Balls Jordan de Jesus to second
|
|
Batting: SHB Bartholomeu Chambino
|
0-0: Called Strike 0-1: Ball 1-1: Foul Ball, location: 2F 1-2: Ball 2-2: SINGLE (Groundball, 4MD, EV 106.9 MPH) Jordan de Jesus to third C.J. Richerson to second
|
|
Batting: LHB Jim Skare
|
0-0: Called Strike 0-1: Called Strike 0-2: Ball 1-2: Strikes out looking
|
|
Batting: RHB Adriaan Pieters
|
0-0: Ball 1-0: Ball 2-0: Foul Ball, location: 2F 2-1: Called Strike 2-2: Foul Ball, location: 2F 2-2: Ball 3-2: Strikes out looking
|
|
Batting: LHB Jason Peck
|
0-0: Foul Ball, location: 2F 0-1: Ball 1-1: Called Strike 1-2: Foul Ball, location: 2F 1-2: Strikes out looking
|
| Top of the 1st over - 0 runs, 1 hit, 0 errors, 3 left on base; New York 0 - Cleveland 0 |
| BOTTOM OF THE 1ST |
|
Cleveland Guardians batting - Pitching for New York Yankees : RHP John Brice
|
|
Pitching: RHP John Brice
|
|
|
Batting: LHB John Harring
|
0-0: Ball 1-0: Ball 2-0: Ball 3-0: Base on Balls
|
|
Batting: RHB Christian Blue
|
0-0: Ball 1-0: Ball 2-0: Swinging Strike 2-1: Swinging Strike 2-2: Ball 3-2: Strikes out swinging
|
|
Batting: LHB Arvin Dungca
|
0-0: Ball 1-0: Ball John Harring steals 2nd base 2-0: Ball 3-0: Foul Ball, location: 2F 3-1: Base on Balls
|
|
Batting: RHB Nick Ogle
|
0-0: Ball 1-0: DOUBLE (Line Drive, 78D, EV 105.6 MPH) John Harring scores Arvin Dungca to third
|
|
Batting: RHB Hiroshige Yamada
|
0-0: Called Strike 0-1: Swinging Strike 0-2: Fly out, F7 (Line Drive, 78M, EV 88.1 MPH)
|
|
Batting: SHB Pete Barutha
|
0-0: Ball 1-0: Ball 2-0: Fly out, F9 (Flyball, 89S, EV 85.0 MPH)
|
| Bottom of the 1st over - 1 run, 1 hit, 0 errors, 2 left on base; New York 0 - Cleveland 1 |
| TOP OF THE 2ND |
|
New York Yankees batting - Pitching for Cleveland Guardians : RHP Risto Pandev
|
|
Batting: RHB Shiro Suehiro
|
0-0: Ball 1-0: Called Strike 1-1: Foul Ball, location: 2F 1-2: Ball 2-2: Foul Ball, location: 2F 2-2: Fly out, F9 (Flyball, 9LS, EV 85.0 MPH)
|
|
Batting: RHB Geni Prawiranega
|
0-0: Ball 1-0: Fly out, F8 (Flyball, 8RD, EV 91.9 MPH)
|
|
Batting: RHB Russ Shambaugh
|
0-0: Ball 1-0: Called Strike 1-1: Ball 2-1: Ball 3-1: Base on Balls
|
|
Batting: LHB Jordan de Jesus
|
0-0: Called Strike 0-1: Foul Ball, location: 2F 0-2: Ball 1-2: Strikes out looking
|
| Top of the 2nd over - 0 runs, 0 hits, 0 errors, 1 left on base; New York 0 - Cleveland 1 |
| BOTTOM OF THE 2ND |
|
Cleveland Guardians batting - Pitching for New York Yankees : RHP John Brice
|
|
Batting: RHB Jasper Burd
|
0-0: Foul Ball, location: 2F 0-1: Foul Ball, location: 2F 0-2: Strikes out looking
|
|
Batting: RHB Solange Le Coq
|
0-0: Called Strike 0-1: SINGLE (Groundball, 56S, EV 67.5 MPH) (infield hit)
|
|
Batting: RHB Danny Eberhart
|
0-0: Ball 1-0: Ball 2-0: Foul Ball, location: 2F 2-1: Called Strike 2-2: Ball 3-2: Ground out 5-3 (Groundball, 56, EV 105.6 MPH) Solange Le Coq to second
|
|
Batting: LHB John Harring
|
0-0: Ball 1-0: Fly out, F7 (Flyball, 7LS, EV 89.4 MPH)
|
| Bottom of the 2nd over - 0 runs, 1 hit, 0 errors, 1 left on base; New York 0 - Cleveland 1 |
| TOP OF THE 3RD |
|
New York Yankees batting - Pitching for Cleveland Guardians : RHP Risto Pandev
|
|
Batting: RHB C.J. Richerson
|
0-0: Ball 1-0: Hit by Pitch
|
|
Batting: SHB Bartholomeu Chambino
|
0-0: Ball 1-0: Ball 2-0: Ball 3-0: Called Strike 3-1: Called Strike 3-2: Foul Ball, location: 2F 3-2: Foul Ball, location: 2F 3-2: Strikes out looking
|
|
Batting: LHB Jim Skare
|
0-0: Called Strike C.J. Richerson is caught stealing 2nd base 2-6 0-1: Foul Ball, location: 2F 0-2: Strikes out looking
|
| Top of the 3rd over - 0 runs, 0 hits, 0 errors, 0 left on base; New York 0 - Cleveland 1 |
| BOTTOM OF THE 3RD |
|
Cleveland Guardians batting - Pitching for New York Yankees : RHP John Brice
|
|
Batting: RHB Christian Blue
|
0-0: Ball 1-0: Ball 2-0: Ground out 3-1 (Groundball, 34S, EV 86.9 MPH)
|
|
Batting: LHB Arvin Dungca
|
0-0: Ball 1-0: Called Strike 1-1: Ball 2-1: Ball 3-1: Called Strike 3-2: Foul Ball, location: 2F 3-2: SOLO HOME RUN (Flyball, 9D, EV 98.1 MPH), Distance : 382 ft
|
|
Batting: RHB Nick Ogle
|
0-0: Fly out, F9 (Flyball, 9, EV 81.9 MPH)
|
|
Batting: RHB Hiroshige Yamada
|
0-0: Fly out, F6 (Line Drive, 6, EV 69.4 MPH)
|
| Bottom of the 3rd over - 1 run, 1 hit, 0 errors, 0 left on base; New York 0 - Cleveland 2 |
| TOP OF THE 4TH |
|
New York Yankees batting - Pitching for Cleveland Guardians : RHP Risto Pandev
|
|
Batting: RHB Adriaan Pieters
|
0-0: Ball 1-0: Foul Ball, location: 2F 1-1: Fly out, F9 (Flyball, 9LMF, EV 81.2 MPH)
|
|
Batting: LHB Jason Peck
|
0-0: Foul Ball, location: 2F 0-1: Hit by Pitch
|
|
Batting: RHB Shiro Suehiro
|
0-0: Ball Jason Peck is caught stealing 2nd base 2-4 1-0: Called Strike 1-1: DOUBLE (Flyball, 8LXD, EV 96.9 MPH)
|
|
Batting: RHB Geni Prawiranega
|
0-0: Called Strike 0-1: Swinging Strike 0-2: Ball 1-2: Strikes out swinging
|
| Top of the 4th over - 0 runs, 1 hit, 0 errors, 1 left on base; New York 0 - Cleveland 2 |
| BOTTOM OF THE 4TH |
|
Cleveland Guardians batting - Pitching for New York Yankees : RHP John Brice
|
|
Batting: SHB Pete Barutha
|
0-0: Ball 1-0: Called Strike 1-1: Ball 2-1: Ground out 4-3 (Groundball, 4, EV 97.5 MPH)
|
|
Batting: RHB Jasper Burd
|
0-0: Called Strike 0-1: Ball 1-1: Foul Ball, location: 2F 1-2: Strikes out looking
|
|
Batting: RHB Solange Le Coq
|
0-0: Ground out 5-3 (Groundball, 5S, EV 73.8 MPH)
|
| Bottom of the 4th over - 0 runs, 0 hits, 0 errors, 0 left on base; New York 0 - Cleveland 2 |
| TOP OF THE 5TH |
|
New York Yankees batting - Pitching for Cleveland Guardians : RHP Risto Pandev
|
|
Batting: RHB Russ Shambaugh
|
0-0: Foul Ball, location: 2F 0-1: Ball 1-1: Ball 2-1: Ground out 5-3 (Groundball, 56, EV 79.4 MPH)
|
|
Batting: LHB Jordan de Jesus
|
0-0: Foul Ball, location: 2F 0-1: Ball 1-1: Ball 2-1: Ball 3-1: Called Strike 3-2: Base on Balls
|
|
Batting: RHB C.J. Richerson
|
0-0: Swinging Strike 0-1: Called Strike 0-2: Ball 1-2: Strikes out swinging
|
|
Batting: SHB Bartholomeu Chambino
|
0-0: Called Strike 0-1: Called Strike 0-2: Ball 1-2: Fly out, F7 (Flyball, 78M, EV 87.5 MPH)
|
| Top of the 5th over - 0 runs, 0 hits, 0 errors, 1 left on base; New York 0 - Cleveland 2 |
| BOTTOM OF THE 5TH |
|
Cleveland Guardians batting - Pitching for New York Yankees : RHP John Brice
|
|
Batting: RHB Danny Eberhart
|
0-0: Ball 1-0: Called Strike 1-1: Ball 2-1: Ball 3-1: Foul Ball, location: 2F 3-2: Base on Balls
|
|
Batting: LHB John Harring
|
0-0: Bunted foul 0-1: Sac Bunt to 23 - play at first, batter safe! Danny Eberhart to second
|
|
Batting: RHB Christian Blue
|
0-0: Called Strike 0-1: Ball 1-1: Foul Ball, location: 2F 1-2: SINGLE (Groundball, 6S, EV 67.5 MPH) (infield hit) Danny Eberhart to third John Harring to second
|
|
Batting: LHB Arvin Dungca
|
0-0: Ball 1-0: Foul Ball, location: 2F 1-1: Ball 2-1: Called Strike 2-2: Grounds into double play, 6-2-3 (Groundball, 4, EV 90.0 MPH) John Harring to third Christian Blue to second
|
|
Batting: RHB Nick Ogle
|
0-0: Swinging Strike 0-1: Ball 1-1: DOUBLE (Line Drive, 9LS, EV 91.9 MPH) John Harring scores Christian Blue scores
|
|
Batting: RHB Hiroshige Yamada
|
0-0: Called Strike 0-1: Ball 1-1: Called Strike 1-2: Ground out 6-3 (Groundball, 6S, EV 88.1 MPH)
|
| Bottom of the 5th over - 2 runs, 3 hits, 0 errors, 1 left on base; New York 0 - Cleveland 4 |
| TOP OF THE 6TH |
|
New York Yankees batting - Pitching for Cleveland Guardians : RHP Risto Pandev
|
|
Batting: LHB Jim Skare
|
0-0: Ball 1-0: Called Strike 1-1: Foul Ball, location: 2F 1-2: Ball 2-2: Foul Ball, location: 2F 2-2: Ball 3-2: DOUBLE (Flyball, 78D, EV 100.0 MPH)
|
|
Batting: RHB Adriaan Pieters
|
0-0: Ball 1-0: Ball 2-0: Ball 3-0: Base on Balls
|
|
Batting: LHB Jason Peck
|
0-0: Called Strike 0-1: Swinging Strike 0-2: Ball 1-2: Strikes out swinging
|
|
Pitching: RHP Adrian Serratos
|
|
|
Batting: RHB Shiro Suehiro
|
0-0: Called Strike 0-1: Foul Ball, location: 2F 0-2: Foul Ball, location: 2F 0-2: Ball 1-2: Strikes out swinging
|
|
Batting: RHB Geni Prawiranega
|
0-0: Swinging Strike 0-1: Ball 1-1: Foul Ball, location: 2F 1-2: Foul Ball, location: 2F 1-2: Strikes out swinging
|
| Top of the 6th over - 0 runs, 1 hit, 0 errors, 2 left on base; New York 0 - Cleveland 4 |
| BOTTOM OF THE 6TH |
|
Cleveland Guardians batting - Pitching for New York Yankees : RHP John Brice
|
|
Batting: SHB Pete Barutha
|
0-0: Called Strike 0-1: Foul Ball, location: 2F 0-2: Ground out 4-3 (Groundball, 34, EV 81.2 MPH)
|
|
Batting: RHB Jasper Burd
|
0-0: Ground out 6-3 (Groundball, 6, EV 83.1 MPH)
|
|
Batting: RHB Solange Le Coq
|
0-0: Called Strike 0-1: Called Strike 0-2: Ball 1-2: Foul Ball, location: 2F 1-2: Foul Ball, location: 2F 1-2: Hit by Pitch
|
|
Batting: RHB Danny Eberhart
|
0-0: Ball 1-0: Ball 2-0: Called Strike 2-1: Swinging Strike 2-2: Strikes out swinging
|
| Bottom of the 6th over - 0 runs, 0 hits, 0 errors, 1 left on base; New York 0 - Cleveland 4 |
| TOP OF THE 7TH |
|
New York Yankees batting - Pitching for Cleveland Guardians : RHP Adrian Serratos
|
|
Now at 2B: Danny Eberhart
|
|
|
Now at SS: Aaron Matthews
|
|
|
Batting: RHB Russ Shambaugh
|
0-0: Ball 1-0: Fly out, F7 (Flyball, 7D, EV 105.0 MPH)
|
|
Batting: LHB Jordan de Jesus
|
0-0: Ball 1-0: Called Strike 1-1: Hit by Pitch
|
|
Batting: RHB C.J. Richerson
|
0-0: Ball Jordan de Jesus is caught stealing 2nd base 2-4 1-0: Called Strike 1-1: Ball 2-1: Fly out, F7 (Line Drive, 7, EV 91.2 MPH)
|
| Top of the 7th over - 0 runs, 0 hits, 0 errors, 0 left on base; New York 0 - Cleveland 4 |
| BOTTOM OF THE 7TH |
|
Cleveland Guardians batting - Pitching for New York Yankees : RHP John Brice
|
|
Batting: LHB John Harring
|
0-0: Ball 1-0: Ball 2-0: Foul Ball, location: 2F 2-1: DOUBLE (Line Drive, 8LD, EV 100.0 MPH)
|
|
Pitching: RHP Leo Gonzales
|
|
|
Batting: RHB Christian Blue
|
0-0: Called Strike 0-1: Ball 1-1: Foul Ball, location: 2F 1-2: Fly out, F7 (Flyball, 7S, EV 94.4 MPH)
|
|
Batting: LHB Arvin Dungca
|
0-0: Ball 1-0: Ground out 4-3 (Groundball, 4, EV 93.1 MPH) John Harring to third
|
|
Batting: RHB Nick Ogle
|
0-0: Ball 1-0: Ball 2-0: SINGLE (Groundball, 6MS, EV 83.8 MPH) (infield hit) John Harring scores
|
|
Batting: RHB Hiroshige Yamada
|
0-0: Called Strike 0-1: Foul Ball, location: 2F 0-2: Strikes out looking
|
| Bottom of the 7th over - 1 run, 2 hits, 0 errors, 1 left on base; New York 0 - Cleveland 5 |
| TOP OF THE 8TH |
|
New York Yankees batting - Pitching for Cleveland Guardians : RHP Adrian Serratos
|
|
Batting: SHB Bartholomeu Chambino
|
0-0: Ball 1-0: Ball 2-0: Foul Ball, location: 2F 2-1: Foul Ball, location: 2F 2-2: Strikes out swinging
|
|
Batting: LHB Jim Skare
|
0-0: Ball 1-0: Ball 2-0: Foul Ball, location: 2F 2-1: Ball 3-1: Base on Balls
|
|
Batting: RHB Adriaan Pieters
|
0-0: Called Strike 0-1: Ball 1-1: Called Strike 1-2: Ball 2-2: Foul Ball, location: 2F 2-2: Ball 3-2: Foul Ball, location: 2F 3-2: Hit by Pitch Jim Skare to second
|
|
Batting: LHB Jason Peck
|
0-0: Fly out, F9 (Line Drive, 89M, EV 88.8 MPH)
|
|
Batting: RHB Shiro Suehiro
|
0-0: Called Strike 0-1: Foul Ball, location: 2F 0-2: Ball 1-2: Ball 2-2: Strikes out swinging
|
| Top of the 8th over - 0 runs, 0 hits, 0 errors, 2 left on base; New York 0 - Cleveland 5 |
| BOTTOM OF THE 8TH |
|
Cleveland Guardians batting - Pitching for New York Yankees : RHP Leo Gonzales
|
|
Batting: SHB Pete Barutha
|
0-0: Ball 1-0: Ball 2-0: Foul Ball, location: 2F 2-1: Foul Ball, location: 2F 2-2: Strikes out swinging
|
|
Batting: RHB Aaron Matthews
|
0-0: Called Strike 0-1: Foul Ball, location: 2F 0-2: Strikes out swinging
|
|
Batting: RHB Solange Le Coq
|
0-0: Called Strike 0-1: Ball 1-1: Called Strike 1-2: Ground out 5-3 (Groundball, 5L, EV 80.6 MPH)
|
| Bottom of the 8th over - 0 runs, 0 hits, 0 errors, 0 left on base; New York 0 - Cleveland 5 |
| TOP OF THE 9TH |
|
New York Yankees batting - Pitching for Cleveland Guardians : RHP Adrian Serratos
|
|
Batting: RHB Geni Prawiranega
|
0-0: Ball 1-0: Ball 2-0: Ball 3-0: Base on Balls
|
|
Pitching: RHP Fomio Tashima
|
|
|
Batting: RHB Russ Shambaugh
|
0-0: Ball 1-0: Foul Ball, location: 2F 1-1: Foul Ball, location: 2F 1-2: Strikes out looking
|
|
Batting: LHB Jordan de Jesus
|
0-0: Foul Ball, location: 2F 0-1: Swinging Strike 0-2: Strikes out swinging
|
|
Batting: RHB C.J. Richerson
|
0-0: Ball 1-0: DOUBLE (Flyball, 8RXD, EV 95.0 MPH) Geni Prawiranega to third
|
|
Batting: SHB Bartholomeu Chambino
|
0-0: Ball 1-0: Ball 2-0: Ball 3-0: Base on Balls
|
|
Batting: LHB Jim Skare
|
0-0: Called Strike 0-1: Called Strike 0-2: Ball 1-2: Strikes out swinging
|
| Top of the 9th over - 0 runs, 1 hit, 0 errors, 3 left on base; New York 0 - Cleveland 5 |
|